 Dungeon Crawl Stone Soup version 0.31-a0-618-g7ca08c1ff9 (webtiles) character file.

Game seed: 11553949687441150445

935 cforsyth the Charlatan (level 8, -8/60 HPs)
             Began as a Gnoll Artificer on Aug 22, 2023.
             Killed from afar by a steam dragon (15 damage)
             ... with a ball of steam
             ... on level 6 of the Dungeon.
             The game lasted 00:08:12 (4743 turns).

cforsyth the Charlatan (Gnoll Artificer)            Turns: 4743, Time: 00:08:12

Health: -8/60      AC:  5    Str: 13    XL:     8   Next: 11%
Magic:  12/12      EV: 12    Int: 12    God:
Gold:   243        SH:  0    Dex: 12    Spells: 13/13 levels left

rFire   . . .        w - +6 short sword "Xiesaow" {venom, rCorr SInv}
rCold   . . .        (no shield)
rNeg    . . .        b - +0 leather armour
rPois   .            (no helmet)
rElec   .            l - +0 cloak
rCorr   +            (no gloves)
SInv    +            (no boots)
Will    .....        (no amulet)
Stlth   ++           (no ring)
HPRegen 0.30/turn    (no ring)
MPRegen 0.13/turn

%: no passive effects
@: no status effects
A: fangs 1, strong nose, distributed training
a: no special abilities


You were on level 6 of the Dungeon.
You visited 1 branch of the dungeon, and saw 6 of its levels.

You collected 243 gold pieces.

Inventory:

Hand Weapons
 a - a +0 club
 n - a +1 dagger of draining
 q - a +6 club
 w - the +6 short sword "Xiesaow" (weapon) {venom, rCorr SInv}
   (You found it on level 4 of the Dungeon)

   SInv:      It lets you see invisible.
   rCorr:     It protects you from acid and corrosion.
Armour
 b - a +0 leather armour (worn)
 l - a +0 cloak (worn)
Wands
 c - a wand of flame (7) (quivered)
 d - a wand of charming (14)
 e - a wand of iceblast (4)
 y - a wand of paralysis (11)
 z - a wand of digging (2)
Scrolls
 f - a scroll of blinking {unknown}
 h - a scroll of butterflies {unknown}
 k - 2 scrolls of revelation {unknown}
 m - a scroll of vulnerability {unknown}
 p - 3 scrolls of identify {unknown}
 t - a scroll of noise {unknown}
 x - a scroll of fear {unknown}
Potions
 g - a potion of haste {unknown}
 i - a potion of degeneration {unknown}
 j - 4 potions of curing {unknown}
 o - a potion of brilliance {unknown}
 r - 2 potions of lignification {unknown}
 s - a potion of might {unknown}
 u - 2 potions of heal wounds {unknown}
 v - a potion of resistance {unknown}
 A - a potion of attraction {unknown}


   Skills:
 + Level 4.0 Fighting
 + Level 3.0 Short Blades
 + Level 3.0 Long Blades
 + Level 3.0 Axes
 + Level 3.0 Maces & Flails
 + Level 3.0 Polearms
 + Level 3.0 Staves
 + Level 3.0 Ranged Weapons
 + Level 3.0 Throwing
 + Level 5.5 Armour
 + Level 4.0 Dodging
 + Level 3.9 Stealth
 + Level 3.0 Shields
 + Level 3.0 Unarmed Combat
 + Level 3.0 Spellcasting
 + Level 2.4 Conjurations
 + Level 2.4 Hexes
 + Level 2.4 Summonings
 + Level 2.4 Necromancy
 + Level 2.4 Translocations
 + Level 2.4 Transmutations
 + Level 2.4 Fire Magic
 + Level 2.4 Ice Magic
 + Level 2.4 Air Magic
 + Level 2.4 Earth Magic
 + Level 2.4 Poison Magic
 + Level 3.3 Invocations
 + Level 7.2 Evocations
 + Level 2.7 Shapeshifting


You had 13 spell levels left.
You didn't know any spells.
Your spell library contained the following spells:

 Spells                   Type           Power      Damage    Failure   Level
 Ignite Poison            Fire/Tmut/Pois 7%         N/A       32%         3
 Animate Armour           Summ/Erth      14%        N/A       73%         4
 Olgreb's Toxic Radiance  Pois           7%         N/A       73%         4
 Shatter                  Erth           3%         3d7*      100%        9


Dungeon Overview and Level Annotations

Branches:
Dungeon (6/15)
 Temple: D:4-7

Altars:
Makhleb
Ru

Shops:
D:6 :

Annotations:
D:4 1 runed translucent door, Mickster's ghost, novice HOBe


Innate Abilities, Weirdness & Mutations

You have very sharp teeth.
Your uncanny sense of smell can sniff out nearby items.
Your experience applies equally to all skills.


Message History

A steam dragon comes into view.
Grinder gestures at you. Pain shoots through your body!
* * * LOW HITPOINT WARNING * * *
You barely miss Grinder.
The steam dragon hisses angrily.
Your bite misses Grinder.
Grinder is almost dead.
Grinder hits you.
* * * LOW HITPOINT WARNING * * *
You writhe in agony.
* * * LOW HITPOINT WARNING * * *
Aiming: Iceblast
Press: ? - help, Shift-Dir - straight line The mass of ice explodes!
The iceblast engulfs Grinder!
Grinder partially resists.
You kill Grinder!
Your Fighting skill increases to level 4!
Your Short Blades skill increases to level 3!
Your Long Blades skill increases to level 3!
Your Axes skill increases to level 3!
Your Maces & Flails skill increases to level 3!
Your Polearms skill increases to level 3!
Your Staves skill increases to level 3!
Your Ranged Weapons skill increases to level 3!
Your Throwing skill increases to level 3!
Your Dodging skill increases to level 4!
Your Shields skill increases to level 3!
Your Unarmed Combat skill increases to level 3!
Your Spellcasting skill increases to level 3!
You have reached level 8!
You feel stronger.
Unknown command.
The adder attacks as it pursues you! The adder bites you.
* * * LOW HITPOINT WARNING * * *
The steam dragon breathes steam at you.
The ball of steam hits the adder!
The adder dies!
The ball of steam hits you!
You die...

####### #.....#####
+.....+..>########
#.....###........###
#........♣@♣.......[
#.........♣§.....##
#...........§.....#
##....♣..........♣...
#....♣♣..........♣
#...................
#................D...
#.........####.......
#........## #......


There were no monsters in sight!

Vanquished Creatures
  Grinder (D:6)
  2 black bears
  2 scorpions (D:5)
  A howler monkey (D:5)
  2 hounds (D:5)
  A jelly (D:6)
  Jessica (D:3)
  4 iguanas
  Robin (D:3)
  4 adders
  A shadow imp (D:6)
  3 white imps
  An ufetubus (D:5)
  3 dart slugs
  10 orcs
  8 ball pythons
  6 endoplasms
  2 giant cockroaches
  13 goblins
  5 hobgoblins
  2 jackals (D:4)
  7 kobolds
  2 quokkas
  4 bats
  2 frilled lizards
  6 rats
94 creatures vanquished.

Vanquished Creatures (others)
  An adder (D:6)
1 creature vanquished.

Grand Total: 95 creatures vanquished

Notes
Turn   | Place    | Note
-------+----------+-------------------------------------------
     0 | D:1      | cforsyth the Gnoll Artificer began the quest for the Orb.
     0 | D:1      | Reached XP level 1. HP: 17/17 MP: 1/1
   581 | D:1      | Reached XP level 2. HP: 23/23 MP: 2/2
   974 | D:2      | Reached XP level 3. HP: 24/28 MP: 3/3
  1274 | D:2      | Reached skill level 1 in Invocations
  1498 | D:2      | Reached skill level 1 in Short Blades
  1498 | D:2      | Reached skill level 1 in Long Blades
  1498 | D:2      | Reached skill level 1 in Axes
  1498 | D:2      | Reached skill level 1 in Maces & Flails
  1498 | D:2      | Reached skill level 1 in Polearms
  1498 | D:2      | Reached skill level 1 in Staves
  1498 | D:2      | Reached skill level 1 in Ranged Weapons
  1498 | D:2      | Reached skill level 1 in Throwing
  1498 | D:2      | Reached skill level 1 in Shields
  1498 | D:2      | Reached skill level 1 in Unarmed Combat
  1498 | D:2      | Reached skill level 1 in Spellcasting
  1805 | D:3      | Noticed Robin
  1835 | D:3      | Reached XP level 4. HP: 22/31 MP: 5/5
  1840 | D:3      | Reached skill level 1 in Shapeshifting
  1953 | D:3      | Killed Robin
  1969 | D:3      | Reached skill level 1 in Conjurations
  1969 | D:3      | Reached skill level 1 in Hexes
  1969 | D:3      | Reached skill level 1 in Summonings
  1969 | D:3      | Reached skill level 1 in Necromancy
  1969 | D:3      | Reached skill level 1 in Translocations
  1969 | D:3      | Reached skill level 1 in Transmutations
  1969 | D:3      | Reached skill level 1 in Fire Magic
  1969 | D:3      | Reached skill level 1 in Ice Magic
  1969 | D:3      | Reached skill level 1 in Air Magic
  1969 | D:3      | Reached skill level 1 in Earth Magic
  1969 | D:3      | Reached skill level 1 in Poison Magic
  2017 | D:3      | Found a sacrificial altar of Ru.
  2077 | D:3      | Noticed Jessica
  2084 | D:3      | HP: 1/32 [Jessica/+6 club (9)]
  2216 | D:3      | Killed Jessica
  2386 | D:3      | Reached XP level 5. HP: 32/40 MP: 5/7
  2706 | D:3      | Got Satus's Compilation of the Septic Lithosphere
  3059 | D:4      | Noticed a black bear
  3069 | D:4      | Killed a black bear
  3199 | D:4      | Identified the +6 short sword "Xiesaow" {venom, rCorr SInv}
  3241 | D:4      | Reached XP level 6. HP: 14/47 MP: 8/8
  3606 | D:4      | Found a runed translucent door.
  3606 | D:4      | Noticed Mickster's ghost (novice HOBe)
  3840 | D:5      | Entered Level 5 of the Dungeon
  3903 | D:5      | Found a burning altar of Makhleb.
  3914 | D:5      | Reached skill level 5 in Armour
  4191 | D:5      | Noticed a black bear
  4202 | D:5      | Killed a black bear
  4203 | D:5      | Reached skill level 7 in Evocations
  4203 | D:5      | Reached XP level 7. HP: 44/52 MP: 10/10
  4626 | D:6      | Found Loydgh's Vocational Training.
  4723 | D:6      | Noticed Grinder
  4739 | D:6      | Noticed a steam dragon
  4741 | D:6      | Killed Grinder
  4742 | D:6      | Reached XP level 8. HP: 9/60 MP: 12/12
  4743 | D:6      | Killed from afar by a steam dragon

Illustrated notes

Levels and vault maps discovered:
D:1:      matt_arrival_los_fun, layout_basic
D:2:      layout_rooms
D:3:      layout_basic, mainiacjoe_overflow_cross_hatched, uniq_robin,
          uniq_jessica
D:4:      layout_loops_cross, gammafunk_ghost_grave
D:5:      layout_basic, mainiacjoe_overflow_brackets,
          nicolae_elevator_lobby_asterisk
D:6:      layout_basic, minmay_temple_entry_crystal_x,
          kennysheep_decorative_pillar, nicolae_shop_vocational, uniq_grinder

Skill      XL: |  1  2  3  4  5  6  7 |
---------------+----------------------+-----
Invocations    | 1 2 3 |  3.3
Short Blades   | 1 2 3 |  3.0
Long Blades    | 1 2 3 |  3.0
Axes           | 1 2 3 |  3.0
Maces & Flails | 1 2 3 |  3.0
Polearms       | 1 2 3 |  3.0
Staves         | 1 2 3 |  3.0
Ranged Weapons | 1 2 3 |  3.0
Throwing       | 1 2 3 |  3.0
Shields        | 1 2 3 |  3.0
Unarmed Combat | 1 2 3 |  3.0
Spellcasting   | 1 2 3 |  3.0
Shapeshifting  | 1 2 |  2.7
Conjurations   | 1 2 |  2.4
Hexes          | 1 2 |  2.4
Summonings     | 1 2 |  2.4
Necromancy     | 1 2 |  2.4
Translocations | 1 2 |  2.4
Transmutations | 1 2 |  2.4
Fire Magic     | 1 2 |  2.4
Ice Magic      | 1 2 |  2.4
Air Magic      | 1 2 |  2.4
Earth Magic    | 1 2 |  2.4
Poison Magic   | 1 2 |  2.4
Fighting       | 3 4 |  4.0
Dodging        | 3 4 |  4.0
Stealth        | 3 |  3.9
Armour         | 5 |  5.5
Evocations     | 7 |  7.2

Action                     |  1- 3 |  4- 6 |  7- 9 || total
---------------------------+-------+-------+-------++-------
  Melee: Club              |   133 |    70 |       ||   203
         Bite              |    15 |    12 |     8 ||    35
         Dagger            |       |    33 |       ||    33
         Short sword       |       |    57 |    50 ||   107
         Punch             |       |     1 |     1 ||     2
  Evoke: Wand              |     3 |     6 |     1 ||    10
   Stab: Sleeping          |     5 |     1 |     2 ||     8
 Armour: Leather armour    |    56 |    29 |     7 ||    92
  Dodge: Dodged            |   115 |    94 |    39 ||   248

Table legend: (Time is in decaauts)
 A = Elapsed time spent in this place.
 B = Non-inter-level travel time spent in this place.
 C = Inter-level travel time spent in this place.
 D = Time resting spent in this place.
 E = Time spent auto-exploring this place.
 F = Levels seen in this place.
 G = Mean time per level.
                   A        B        C        D        E       F      G
               +--------+--------+--------+--------+--------+-----+--------+
         Total |   4780 |   4659 |    121 |    369 |   3461 |   6 |  796.7 |
       Dungeon |   4780 |   4659 |    121 |    369 |   3461 |   6 |  796.7 |
               +--------+--------+--------+--------+--------+-----+--------+

Top non-repeatable levels by time:
     D:4: 1042 daAuts
     D:3: 1006 daAuts
     D:1: 973 daAuts
     D:2: 865 daAuts
     D:5: 759 daAuts
     D:6: 133 daAuts
